Maple Leafs vs Stars

Created - 23 octobre 2019 at 19:10

Goals
1 2 3 OT1 SO T
Maple Leafs 0 1 2 0 2 4
Stars 0 1 2 0 1 3
Shots
1 2 3 OT1 SO T
Maple Leafs 9 11 11 1 6 32
Stars 6 17 13 2 6 38

1st period

No Goal

Penalties :
Thomas Chabot (DAL) for Interference (Minor) at 0:39, Joe Thornton (DAL) for Slashing (Minor) at 9:04, Sam Steel (DAL) for Holding (Minor) at 13:48

2nd period

1. Stars , Dylan Strome 4 (Dion Phaneuf 3, Ryan Strome 2) at 3:15
2. Maple Leafs , Andrei Svechnikov 3 (Ben Hutton 7, Troy Stecher 1) at 15:01

Penalties :
Hampus Lindholm (TOR) for Hooking (Minor) at 12:37, Logan Couture (TOR) for Holding Stick (Minor) at 15:56

3rd period

3. Maple Leafs , Hampus Lindholm 1 (Ilya Kovalchuk 3, Bobby Ryan 6) at 12:07 (PP)
4. Stars , Richard Panik 2 (J.T. Compher 3, Dion Phaneuf 4) at 16:57
5. Maple Leafs , Andrei Svechnikov 4 (Mikhail Sergachev 3, Troy Stecher 2) at 18:35
6. Stars , Richard Panik 3 (J.T. Compher 4, Joe Thornton 4) at 18:49

Penalties :
Alexander Radulov (DAL) for Roughing (Minor) at 11:29, Alexander Radulov (DAL) for Roughing (Minor) at 12:10

Overtime #1

No Goal

Penalties :
No Penalty

Shootout

Maple Leafs, Logan Couture - Goal!
Stars, Dylan Strome - Stopped by Anders Nilsson
Maple Leafs, Mike Hoffman - Stopped by Jimmy Howard
Stars, Alexander Radulov - Goal!
Maple Leafs, Jesper Bratt - Stopped by Jimmy Howard
Stars, Adam Henrique - Stopped by Anders Nilsson
Maple Leafs, Ilya Kovalchuk - Stopped by Jimmy Howard
Stars, Ryan Strome - Shot Misses the Net
Maple Leafs, Bobby Ryan - Stopped by Jimmy Howard
Stars, Richard Panik - Stopped by Anders Nilsson
Maple Leafs, Blake Comeau - Goal!
Stars, Mikko Rantanen - Shot Misses the Net

Penalties :
No Penalty

Goalie Stats

Anders Nilsson (TOR), 35 saves from 38 shots - (0,921), W, 2-0-0, 65:00 minutes
Jimmy Howard (DAL), 29 saves from 32 shots - (0,906), OTL, 2-0-2, 65:00 minutes

Players Stats for Maple Leafs

Player Name              G  A  P  +/- PIM S  H  SB GA TA FO     MP     PP MP  PK MP  
------------------------------------------------------------------------------------
Alex Iafallo             0  0  0   0  0   1  1  0  0  0  0/0     6:26   0:00   0:00 
Andrei Svechnikov        2  0  2   0  0   5  4  1  0  1  0/0    18:22   0:00   1:18 
Ben Hutton               0  1  1   0  0   4  2  1  0  1  0/0    28:06   4:19   2:19 
Blake Comeau             0  0  0  -1  0   0  1  0  0  0  0/0    16:54   3:48   0:00 
Bobby Ryan               0  1  1  -1  0   1  1  0  0  0  6/19   18:59   3:48   0:53 
Dmitry Kulikov           0  0  0   0  0   1  1  2  0  1  0/0    11:20   0:00   0:56 
Hampus Lindholm          1  0  1   0  2   2  1  5  0  0  0/0    27:58   4:19   1:08 
Ilya Kovalchuk           0  1  1  -1  0   1  0  0  1  1  1/2    19:15   3:48   0:27 
Jake Debrusk             0  0  0   0  0   6  1  1  1  0  0/0    15:23   0:00   0:00 
Jesper Bratt             0  0  0   0  0   0  0  1  0  0  0/0     8:44   4:46   0:40 
Logan Couture            0  0  0  -1  2   1  1  1  3  1  9/19   21:58   4:46   1:01 
Mattias Janmark          0  0  0   0  0   1  2  1  0  0  2/12   15:11   0:00   0:21 
Michael McCarron         0  0  0   0  0   1  0  0  0  0  0/4     6:07   0:00   0:00 
Mike Hoffman             0  0  0  -1  0   1  0  1  2  0  1/1    21:46   4:46   2:00 
Mikhail Sergachev        0  1  1  -1  0   2  2  2  0  0  0/0    24:44   4:15   2:08 
Nikolaj Ehlers           0  0  0   1  0   2  0  0  1  0  1/1    16:31   0:00   1:16 
Travis Dermott           0  0  0   0  0   1  0  1  0  0  0/0    10:36   0:00   0:12 
Troy Stecher             0  2  2   0  0   2  2  2  2  1  0/0    22:40   4:15   1:13 

Players Stats for Stars

Player Name              G  A  P  +/- PIM S  H  SB GA TA FO     MP     PP MP  PK MP  
------------------------------------------------------------------------------------
Adam Henrique            0  0  0   0  0   1  1  1  0  0  16/25  22:56   2:12   4:48 
Adam Pelech              0  0  0   0  0   0  1  4  0  1  0/0    22:40   1:38   5:02 
Alexander Radulov        0  0  0   0  4   6  2  0  1  0  1/2    17:48   1:46   0:00 
Charlie Coyle            0  0  0   1  0   1  0  1  0  1  1/2    15:43   2:12   0:00 
Chris Tanev              0  0  0   0  0   0  1  1  0  1  0/0    18:51   1:38   3:24 
Danton Heinen            0  0  0   0  0   0  1  0  1  0  0/0     8:40   0:00   0:46 
Derrick Pouliot          0  0  0   1  0   0  1  0  0  1  0/0    11:03   0:00   0:00 
Dion Phaneuf             0  2  2   0  0   2  4  3  0  0  0/0    24:26   0:00   5:10 
Dylan Strome             1  0  1   1  0   5  1  0  1  0  5/8    14:48   1:46   0:02 
Gabriel Bourque          0  0  0   0  0   0  1  0  0  0  0/0     7:39   0:00   0:00 
J.T. Compher             0  2  2   0  0   6  1  1  0  0  0/0    18:27   0:00   4:48 
Joe Thornton             0  1  1   0  2   1  0  0  0  1  11/15  14:59   0:00   0:00 
John Klingberg           0  0  0   0  0   0  0  3  0  1  0/0    26:26   2:20   1:05 
Mikko Rantanen           0  0  0   0  0   2  1  0  0  0  0/1    16:22   2:12   0:00 
Richard Panik            2  0  2   0  0   5  1  1  0  2  0/0    17:45   0:00   2:53 
Ryan Strome              0  1  1   1  0   5  1  0  2  0  0/0    17:00   1:46   3:01 
Sam Steel                0  0  0   0  2   3  1  0  0  0  4/5     9:06   0:00   0:50 
Thomas Chabot            0  0  0   1  2   1  0  0  1  2  0/0    21:42   2:20   2:27 

3 Stars

1 - Andrei Svechnikov (TOR)
2 - Richard Panik (DAL)
3 - Dion Phaneuf (DAL)

Power Play

Maple Leafs - 1 on 5 Attempt(s) - 20,00%
Stars - 0 on 2 Attempt(s) - 0,00%

Penalty Kill

Maple Leafs - 2 on 2 Attempt(s) - 100,00% - Score 0 goal in Penalty Kill
Stars - 4 on 5 Attempt(s) - 80,00% - Score 0 goal in Penalty Kill

Team Stat

Maple Leafs - Hits : 19 - Faceoff Wins : 20 - Blocked Shots : 19 - Penalty Minutes : 4
Stars - Hits : 18 - Faceoff Wins : 38 - Blocked Shots : 15 - Penalty Minutes : 10

Official

Referees : Justin StPierre and Gord Dwyer
Linesman : Matt MacPherson and Tim Nowak

Game Notes

12:07 of 3rd period - Maple Leafs goal is going for a video replay. After video review, Goal.

Finance

Level 1 -- Attendance: 3866 (64,43%) -- Ticket Income 444 590 $
Level 2 -- Attendance: 3301 (66,02%) -- Ticket Income 247 575 $
Level 3 -- Attendance: 1391 (69,55%) -- Ticket Income 62 595 $
Level 4 -- Attendance: 2298 (57,45%) -- Ticket Income 68 940 $
Luxury Box -- Attendance: 618 (61,80%) -- Ticket Income 135 960 $
Game was played at the Dallas Arena.
Total Attendance: 11474 (63,74%)
Total Ticket Income: 959 660 $
Other Income: 470 233 $
Total Income: 1 429 893 $

Maple Leafs

5 vs 5 Forward 
   Center                   Left Wing                Right Wing               Time % Phy DF OF 
 1 Logan Couture            Ilya Kovalchuk           Mike Hoffman             32     1   2  2  
 2 Bobby Ryan               Andrei Svechnikov        Blake Comeau             30     1   2  2  
 3 Mattias Janmark          Jake Debrusk             Nikolaj Ehlers           28     1   2  2  
 4 Michael McCarron         Alex Iafallo             Andrei Svechnikov        10     1   2  2  

5 vs 5 Defense 
   Defense                  Defense                                           Time % Phy DF OF 
 1 Hampus Lindholm          Ben Hutton                                        40     1   2  2  
 2 Mikhail Sergachev        Troy Stecher                                      30     1   2  2  
 3 Dmitry Kulikov           Travis Dermott                                    20     1   2  2  
 4 Hampus Lindholm          Ben Hutton                                        10     1   2  2  

PowerPlay Forward 
   Center                   Left Wing                Right Wing               Time % Phy DF OF 
 1 Logan Couture            Jesper Bratt             Mike Hoffman             60     1   2  2  
 2 Bobby Ryan               Ilya Kovalchuk           Blake Comeau             40     1   2  2  

PowerPlay Defense
   Defense                  Defense                                           Time % Phy DF OF 
 1 Hampus Lindholm          Ben Hutton                                        60     1   2  2  
 2 Mikhail Sergachev        Troy Stecher                                      40     1   2  2  

Penalty Kill 4 Players Forward 
   Center                   Wing                     Time % Phy DF OF 
 1 Logan Couture            Mike Hoffman             60     1   2  2  
 2 Jesper Bratt             Ilya Kovalchuk           40     1   2  2  

Penalty Kill 4 Players Defense
   Defense                  Defense                  Time % Phy DF OF 
 1 Hampus Lindholm          Ben Hutton               60     1   2  2  
 2 Mikhail Sergachev        Troy Stecher             40     1   2  2  

Penalty Kill - 3 Players Forward 
   Forward                                           Time % Phy DF OF 
 1 Logan Couture                                     60     1   2  2  
 2 Mike Hoffman                                      40     1   2  2  

Penalty Kill - 3 Players Defense
   Defense                  Defense                  Time % Phy DF OF 
 1 Hampus Lindholm          Ben Hutton               60     1   2  2  
 2 Mikhail Sergachev        Troy Stecher             40     1   2  2  

4 vs 4 Forward 
   Center                   Wing                     Time % Phy DF OF 
 1 Logan Couture            Mike Hoffman             60     1   2  2  
 2 Jesper Bratt             Ilya Kovalchuk           40     1   2  2  

4 vs 4 Defense
   Defense                  Defense                  Time % Phy DF OF 
 1 Hampus Lindholm          Ben Hutton               60     1   2  2  
 2 Mikhail Sergachev        Troy Stecher             40     1   2  2  

Last Minutes Offensive
   Center                   Left Wing                Right Wing               Defense                  Defense                  
   Logan Couture            Jesper Bratt             Mike Hoffman             Hampus Lindholm          Ben Hutton               

Last Minutes Defensive
   Center                   Left Wing                Right Wing               Defense                  Defense                  
   Logan Couture            Jesper Bratt             Mike Hoffman             Hampus Lindholm          Ben Hutton               

Goaltenders
Starting : Anders Nilsson           
Backup : Petr Mrazek              

Extra Forwards
Normal : Jake Debrusk, Alex Iafallo, Nikolaj Ehlers - PP : Jake Debrusk, Alex Iafallo - PK : Nikolaj Ehlers
Extra Defensemen
Normal : Dmitry Kulikov, Hampus Lindholm, Mikhail Sergachev - PP : Dmitry Kulikov - PK : Ben Hutton, Mikhail Sergachev
Penalty Shots
Logan Couture, Mike Hoffman, Jesper Bratt, Ilya Kovalchuk, Bobby Ryan
Custom OT Lines Forwards
Logan Couture, Mike Hoffman, Jesper Bratt, Ilya Kovalchuk, Bobby Ryan, Blake Comeau, Jake Debrusk, Alex Iafallo, Nikolaj Ehlers, Andrei Svechnikov
Custom OT Lines Defensemen
Hampus Lindholm, Ben Hutton, Mikhail Sergachev, Troy Stecher, Dmitry Kulikov

Scratches
Fredrik Claesson (Dislocated Patella Injury)

Stars

5 vs 5 Forward 
   Center                   Left Wing                Right Wing               Time % Phy DF OF 
 1 Adam Henrique            Mikko Rantanen           Alexander Radulov        34     0   2  3  
 2 Dylan Strome             Ryan Strome              Charlie Coyle            28     0   2  3  
 3 Joe Thornton             J.T. Compher             Richard Panik            25     1   2  2  
 4 Sam Steel                Gabriel Bourque          Danton Heinen            13     2   3  0  

5 vs 5 Defense 
   Defense                  Defense                                           Time % Phy DF OF 
 1 Dion Phaneuf             John Klingberg                                    40     1   4  0  
 2 Adam Pelech              Thomas Chabot                                     32     1   4  0  
 3 Derrick Pouliot          Chris Tanev                                       18     2   3  0  
 4 Chris Tanev              John Klingberg                                    10     2   3  0  

PowerPlay Forward 
   Center                   Left Wing                Right Wing               Time % Phy DF OF 
 1 Adam Henrique            Mikko Rantanen           Charlie Coyle            60     0   0  5  
 2 Dylan Strome             Ryan Strome              Alexander Radulov        40     0   0  5  

PowerPlay Defense
   Defense                  Defense                                           Time % Phy DF OF 
 1 Thomas Chabot            John Klingberg                                    60     0   1  4  
 2 Chris Tanev              Adam Pelech                                       40     0   1  4  

Penalty Kill 4 Players Forward 
   Center                   Wing                     Time % Phy DF OF 
 1 Adam Henrique            J.T. Compher             60     0   5  0  
 2 Ryan Strome              Richard Panik            40     0   5  0  

Penalty Kill 4 Players Defense
   Defense                  Defense                  Time % Phy DF OF 
 1 Adam Pelech              Dion Phaneuf             60     1   4  0  
 2 Chris Tanev              Thomas Chabot            40     1   4  0  

Penalty Kill - 3 Players Forward 
   Forward                                           Time % Phy DF OF 
 1 Ryan Strome                                       60     1   3  1  
 2 J.T. Compher                                      40     1   4  0  

Penalty Kill - 3 Players Defense
   Defense                  Defense                  Time % Phy DF OF 
 1 Adam Pelech              Derrick Pouliot          60     1   4  0  
 2 John Klingberg           Dion Phaneuf             40     1   4  0  

4 vs 4 Forward 
   Center                   Wing                     Time % Phy DF OF 
 1 Joe Thornton             Alexander Radulov        60     0   1  4  
 2 Adam Henrique            J.T. Compher             40     0   2  3  

4 vs 4 Defense
   Defense                  Defense                  Time % Phy DF OF 
 1 John Klingberg           Dion Phaneuf             50     0   3  2  
 2 Adam Pelech              Chris Tanev              50     0   3  2  

Last Minutes Offensive
   Center                   Left Wing                Right Wing               Defense                  Defense                  
   Adam Henrique            Danton Heinen            Alexander Radulov        Thomas Chabot            John Klingberg           

Last Minutes Defensive
   Center                   Left Wing                Right Wing               Defense                  Defense                  
   Sam Steel                J.T. Compher             Ryan Strome              Dion Phaneuf             Chris Tanev              

Goaltenders
Starting : Jimmy Howard             
Backup : Martin Ouellette         

Extra Forwards
Normal : Ryan Strome, Gabriel Bourque, J.T. Compher - PP : Richard Panik, Gabriel Bourque - PK : Ryan Strome
Extra Defensemen
Normal : John Klingberg, Adam Pelech, Thomas Chabot - PP : John Klingberg - PK : Adam Pelech, Thomas Chabot
Penalty Shots
Dylan Strome, Alexander Radulov, Adam Henrique, Ryan Strome, Richard Panik
Custom OT Lines Forwards
Joe Thornton, Alexander Radulov, Adam Henrique, Charlie Coyle, Richard Panik, Dylan Strome, J.T. Compher, Sam Steel, Ryan Strome, Danton Heinen
Custom OT Lines Defensemen
Thomas Chabot, John Klingberg, Adam Pelech, Dion Phaneuf, Chris Tanev

Scratches
Francois Beauchemin (Healthy), Mikko Koskinen (Healthy)

% Time on Ice - Maple Leafs

Lines # - Real PCT - Wanted PCT - Time Play
Normal Forward
1 - 31% - 32% - 14:47
2 - 25% - 30% - 11:44
3 - 31% - 28% - 14:50
4 - 13% - 10% - 6:07
Normal Defense
1 - 40% - 40% - 18:58
2 - 35% - 30% - 16:47
3 - 22% - 20% - 10:24
4 - 3% - 10% - 1:19
PP Forward
1 - 56% - 60% - 4:46
2 - 44% - 40% - 3:48
PP Defense
1 - 50% - 60% - 4:19
2 - 50% - 40% - 4:15
PK Forward
1 - 89% - 60% - 3:31
2 - 11% - 40% - 0:27
PK Defense
1 - 76% - 60% - 3:02
2 - 24% - 40% - 0:56
PK3 Forward
1 - 0% - 60%
2 - 0% - 40%
PK3 Defense
1 - 0% - 60%
2 - 0% - 40%
44 Forward
1 - 0% - 60%
2 - 0% - 40%
44 Defense
1 - 0% - 60%
2 - 0% - 40%
Last Minute Offensive  - 0:00
Last Minute Defensive  - 0:00
Total
Forward - 60:00
Defense - 60:00

% Time on Ice - Stars

Lines # - Real PCT - Wanted PCT - Time Play
Normal Forward
1 - 30% - 34% - 14:25
2 - 26% - 28% - 12:13
3 - 28% - 25% - 13:11
4 - 16% - 13% - 7:39
Normal Defense
1 - 41% - 40% - 19:20
2 - 32% - 32% - 15:08
3 - 23% - 18% - 11:03
4 - 4% - 10% - 1:57
PP Forward
1 - 55% - 60% - 2:12
2 - 45% - 40% - 1:46
PP Defense
1 - 59% - 60% - 2:20
2 - 41% - 40% - 1:38
PK Forward
1 - 66% - 60% - 5:41
2 - 34% - 40% - 2:53
PK Defense
1 - 60% - 60% - 5:10
2 - 40% - 40% - 3:24
PK3 Forward
1 - 0% - 60%
2 - 0% - 40%
PK3 Defense
1 - 0% - 60%
2 - 0% - 40%
44 Forward
1 - 0% - 60%
2 - 0% - 40%
44 Defense
1 - 0% - 50%
2 - 0% - 50%
Last Minute Offensive  - 0:00
Last Minute Defensive  - 0:00
Total
Forward - 60:00
Defense - 60:00

Play-by-Play

1st period


0:01 of 1st period - Logan Couture wins face-off versus Adam Henrique in neutral zone.
0:08 of 1st period - Slapshot by Mike Hoffman.
0:08 of 1st period - Shot Misses the Net.
0:10 of 1st period - Slapshot by Hampus Lindholm.
0:10 of 1st period - Shot Misses the Net.
0:12 of 1st period - Snap shot by Ben Hutton.
0:12 of 1st period - Stopped by Jimmy Howard without a rebound.
0:13 of 1st period - Dylan Strome wins face-off versus Bobby Ryan in Stars zone.
0:26 of 1st period - Bobby Ryan is hit by Adam Pelech and loses puck.
0:39 of 1st period - Minor Penalty to Thomas Chabot for Interference.
0:40 of 1st period - Adam Henrique wins face-off versus Logan Couture in Stars zone.
1:42 of 1st period - Slapshot by John Klingberg.
1:42 of 1st period - Shot Blocked by Mikhail Sergachev.
2:39 of 1st period - Penalty to Thomas Chabot is over, Thomas Chabot is back on ice.
2:53 of 1st period - Derrick Pouliot is hit by Hampus Lindholm and loses puck.
3:14 of 1st period - Wrist shot by Andrei Svechnikov.
3:14 of 1st period - Shot Misses the Net.
3:18 of 1st period - Wrist shot by Michael McCarron.
3:18 of 1st period - Stopped by Jimmy Howard without a rebound.
3:19 of 1st period - Mattias Janmark wins face-off versus Joe Thornton in Stars zone.
3:20 of 1st period - Snap shot by Jake Debrusk.
3:20 of 1st period - Stopped by Jimmy Howard with a rebound.
3:52 of 1st period - Snap shot by Dylan Strome.
3:52 of 1st period - Stopped by Anders Nilsson without a rebound.
3:53 of 1st period - Adam Henrique wins face-off versus Logan Couture in Maple Leafs zone.
3:54 of 1st period - Snap shot by Mikko Rantanen.
3:54 of 1st period - Shot Blocked by Hampus Lindholm.
3:56 of 1st period - Slapshot by Chris Tanev.
3:56 of 1st period - Shot Blocked by Hampus Lindholm.
4:02 of 1st period - Wrist shot by Alexander Radulov.
4:02 of 1st period - Shot Misses the Net.
4:04 of 1st period - Snap shot by Derrick Pouliot.
4:04 of 1st period - Shot Blocked by Hampus Lindholm.
4:06 of 1st period - Slapshot by Derrick Pouliot.
4:06 of 1st period - Shot Misses the Net.
4:22 of 1st period - Snap shot by Ryan Strome.
4:22 of 1st period - Stopped by Anders Nilsson with a rebound.
4:44 of 1st period - Slapshot by Jake Debrusk.
4:44 of 1st period - Shot Misses the Net.
5:06 of 1st period - Wrist shot by Jake Debrusk.
5:06 of 1st period - Stopped by Jimmy Howard without a rebound.
5:07 of 1st period - Ilya Kovalchuk wins face-off versus Sam Steel in Stars zone.
5:10 of 1st period - Wrist shot by Logan Couture.
5:10 of 1st period - Shot Misses the Net.
5:32 of 1st period - Adam Pelech is hit by Andrei Svechnikov and loses puck.
5:53 of 1st period - Wrist shot by Nikolaj Ehlers.
5:53 of 1st period - Stopped by Jimmy Howard with a rebound.
6:18 of 1st period - Snap shot by Mike Hoffman.
6:18 of 1st period - Deflect By Ryan Strome.
6:18 of 1st period - Stopped by Jimmy Howard without a rebound.
6:19 of 1st period - Dylan Strome wins face-off versus Bobby Ryan in Stars zone.
6:26 of 1st period - Wrist shot by Ryan Strome.
6:26 of 1st period - Shot Misses the Net.
6:34 of 1st period - John Klingberg is hit by Andrei Svechnikov.
6:58 of 1st period - Snap shot by Ryan Strome.
6:58 of 1st period - Shot Blocked by Travis Dermott.
7:00 of 1st period - Slapshot by Charlie Coyle.
7:00 of 1st period - Shot Blocked by Dmitry Kulikov.
7:04 of 1st period - Snap shot by Dylan Strome.
7:04 of 1st period - Stopped by Anders Nilsson without a rebound.
7:05 of 1st period - Adam Henrique wins face-off versus Mattias Janmark in Maple Leafs zone.
7:14 of 1st period - Slapshot by Alexander Radulov.
7:14 of 1st period - Stopped by Anders Nilsson with a rebound.
7:16 of 1st period - Slapshot by Derrick Pouliot.
7:16 of 1st period - Shot Misses the Net.
7:57 of 1st period - Blake Comeau is hit by Sam Steel and loses puck.
9:04 of 1st period - Minor Penalty to Joe Thornton for Slashing.
9:05 of 1st period - Adam Henrique wins face-off versus Logan Couture in Stars zone.
9:20 of 1st period - Wrist shot by Logan Couture.
9:20 of 1st period - Shot Blocked by Dion Phaneuf.
10:48 of 1st period - Mike Hoffman is hit by Dion Phaneuf and loses puck.
11:04 of 1st period - Penalty to Joe Thornton is over, Joe Thornton is back on ice.
11:05 of 1st period - Sam Steel is hit by Mikhail Sergachev and loses puck.
11:16 of 1st period - Wrist shot by Sam Steel.
11:16 of 1st period - Shot Misses the Net.
11:18 of 1st period - Slapshot by Ryan Strome.
11:18 of 1st period - Deflect By Dylan Strome.
11:18 of 1st period - Stopped by Anders Nilsson without a rebound.
11:19 of 1st period - Mattias Janmark wins face-off versus Charlie Coyle in Maple Leafs zone.
11:41 of 1st period - John Klingberg is hit by Andrei Svechnikov and loses puck.
11:48 of 1st period - Slapshot by Alex Iafallo.
11:48 of 1st period - Shot Misses the Net.
11:50 of 1st period - Slapshot by Travis Dermott.
11:50 of 1st period - Stopped by Jimmy Howard with a rebound.
11:52 of 1st period - Slapshot by Dmitry Kulikov.
11:52 of 1st period - Stopped by Jimmy Howard with a rebound.
12:25 of 1st period - Snap shot by Ryan Strome.
12:25 of 1st period - Stopped by Anders Nilsson without a rebound.
12:26 of 1st period - Charlie Coyle wins face-off versus Bobby Ryan in Maple Leafs zone.
12:57 of 1st period - Adam Pelech is hit by Mattias Janmark and loses puck.
13:40 of 1st period - Wrist shot by Andrei Svechnikov.
13:40 of 1st period - Shot Misses the Net.
13:42 of 1st period - Slapshot by Mikhail Sergachev.
13:42 of 1st period - Shot Blocked by John Klingberg.
13:48 of 1st period - Minor Penalty to Sam Steel for Holding.
13:49 of 1st period - Adam Henrique wins face-off versus Logan Couture in Stars zone.
14:02 of 1st period - Snap shot by Mike Hoffman.
14:02 of 1st period - Shot Misses the Net.
14:04 of 1st period - Slapshot by Troy Stecher.
14:04 of 1st period - Shot Blocked by Dion Phaneuf.
14:14 of 1st period - Ilya Kovalchuk is hit by Richard Panik and loses puck.
14:52 of 1st period - Icing by Logan Couture.
14:53 of 1st period - Logan Couture wins face-off versus Adam Henrique in Maple Leafs zone.
15:11 of 1st period - Snap shot by Bobby Ryan.
15:11 of 1st period - Stopped by Jimmy Howard with a rebound.
15:48 of 1st period - Penalty to Sam Steel is over, Sam Steel is back on ice.
16:39 of 1st period - Danton Heinen is hit by Logan Couture.
16:43 of 1st period - Ilya Kovalchuk is hit by Gabriel Bourque.
17:23 of 1st period - Snap shot by Alexander Radulov.
17:23 of 1st period - Shot Misses the Net.
17:44 of 1st period - Snap shot by Andrei Svechnikov.
17:44 of 1st period - Shot Misses the Net.
17:46 of 1st period - Snap shot by Troy Stecher.
17:46 of 1st period - Shot Blocked by Adam Pelech.
17:56 of 1st period - Mikhail Sergachev is hit by Danton Heinen and loses puck.
18:03 of 1st period - Wrist shot by Sam Steel.
18:03 of 1st period - Shot Misses the Net.
18:26 of 1st period - Icing by Derrick Pouliot.
18:27 of 1st period - Joe Thornton wins face-off versus Bobby Ryan in Stars zone.
18:36 of 1st period - Snap shot by Andrei Svechnikov.
18:36 of 1st period - Shot Misses the Net.
19:13 of 1st period - Mikko Rantanen is hit by Troy Stecher and loses puck.
Goals for this period are 0 for Maple Leafs vs 0 for Stars.
Shots for this period are 9 for Maple Leafs vs 6 for Stars.

2nd period


0:01 of 2nd period - Adam Henrique wins face-off versus Bobby Ryan in neutral zone.
0:14 of 2nd period - Snap shot by Alexander Radulov.
0:14 of 2nd period - Shot Misses the Net.
0:53 of 2nd period - Slapshot by Ryan Strome.
0:53 of 2nd period - Stopped by Anders Nilsson with a rebound.
0:59 of 2nd period - Slapshot by Jake Debrusk.
0:59 of 2nd period - Stopped by Jimmy Howard with a rebound.
1:11 of 2nd period - Snap shot by Mikko Rantanen.
1:11 of 2nd period - Stopped by Anders Nilsson with a rebound.
1:57 of 2nd period - Off-side.
1:58 of 2nd period - Dylan Strome wins face-off versus Mattias Janmark in neutral zone.
2:31 of 2nd period - Wrist shot by Logan Couture.
2:31 of 2nd period - Shot Misses the Net.
2:33 of 2nd period - Snap shot by Troy Stecher.
2:33 of 2nd period - Stopped by Jimmy Howard with a rebound.
2:47 of 2nd period - Snap shot by J.T. Compher.
2:47 of 2nd period - Stopped by Anders Nilsson with a rebound.
2:51 of 2nd period - Wrist shot by J.T. Compher.
2:51 of 2nd period - Shot Misses the Net.
2:53 of 2nd period - Wrist shot by J.T. Compher.
2:53 of 2nd period - Stopped by Anders Nilsson with a rebound.
2:55 of 2nd period - Slapshot by Chris Tanev.
2:55 of 2nd period - Shot Blocked by Hampus Lindholm.
3:11 of 2nd period - Wrist shot by Ryan Strome.
3:11 of 2nd period - Shot Blocked by Andrei Svechnikov.
3:13 of 2nd period - Slapshot by Dion Phaneuf.
3:13 of 2nd period - Stopped by Anders Nilsson with a rebound.
3:15 of 2nd period - Snap shot by Dylan Strome.
3:15 of 2nd period - Goal by Dylan Strome - Maple Leafs : 0 - Stars : 1.
3:16 of 2nd period - Adam Henrique wins face-off versus Ilya Kovalchuk in neutral zone.
3:43 of 2nd period - Nikolaj Ehlers is hit by Dion Phaneuf and loses puck.
3:50 of 2nd period - Slapshot by J.T. Compher.
3:50 of 2nd period - Stopped by Anders Nilsson with a rebound.
4:31 of 2nd period - Backhand shot by Danton Heinen.
4:31 of 2nd period - Shot Blocked by Logan Couture.
4:41 of 2nd period - Snap shot by Ilya Kovalchuk.
4:41 of 2nd period - Deflect By Derrick Pouliot.
4:41 of 2nd period - Stopped by Jimmy Howard with a rebound.
4:53 of 2nd period - Ben Hutton is hit by Derrick Pouliot.
5:15 of 2nd period - Wrist shot by J.T. Compher.
5:15 of 2nd period - Stopped by Anders Nilsson with a rebound.
5:31 of 2nd period - Wrist shot by Charlie Coyle.
5:31 of 2nd period - Stopped by Anders Nilsson without a rebound.
5:32 of 2nd period - Alexander Radulov wins face-off versus Logan Couture in Maple Leafs zone.
5:47 of 2nd period - Wrist shot by Alexander Radulov.
5:47 of 2nd period - Stopped by Anders Nilsson without a rebound.
5:48 of 2nd period - Bobby Ryan wins face-off versus Dylan Strome in Maple Leafs zone.
5:53 of 2nd period - Snap shot by Andrei Svechnikov.
5:53 of 2nd period - Stopped by Jimmy Howard with a rebound.
5:55 of 2nd period - Slapshot by Andrei Svechnikov.
5:55 of 2nd period - Shot Blocked by Dion Phaneuf.
5:57 of 2nd period - Slapshot by Troy Stecher.
5:57 of 2nd period - Deflect By John Klingberg.
5:57 of 2nd period - Stopped by Jimmy Howard with a rebound.
5:59 of 2nd period - Slapshot by Mikhail Sergachev.
5:59 of 2nd period - Stopped by Jimmy Howard with a rebound.
6:01 of 2nd period - Slapshot by Bobby Ryan.
6:01 of 2nd period - Shot Misses the Net.
6:18 of 2nd period - Wrist shot by Mikko Rantanen.
6:18 of 2nd period - Stopped by Anders Nilsson without a rebound.
6:19 of 2nd period - Adam Henrique wins face-off versus Logan Couture in Maple Leafs zone.
7:02 of 2nd period - Snap shot by Mike Hoffman.
7:02 of 2nd period - Shot Misses the Net.
7:04 of 2nd period - Snap shot by Mike Hoffman.
7:04 of 2nd period - Shot Blocked by John Klingberg.
7:06 of 2nd period - Wrist shot by Logan Couture.
7:06 of 2nd period - Shot Misses the Net.
7:42 of 2nd period - Snap shot by Mikko Rantanen.
7:42 of 2nd period - Deflect By Alexander Radulov.
7:42 of 2nd period - Stopped by Anders Nilsson without a rebound.
7:43 of 2nd period - Joe Thornton wins face-off versus Bobby Ryan in Maple Leafs zone.
8:08 of 2nd period - Ben Hutton is hit by Ryan Strome.
9:23 of 2nd period - John Klingberg is hit by Ben Hutton and loses puck.
10:27 of 2nd period - Icing by J.T. Compher.
10:28 of 2nd period - Joe Thornton wins face-off versus Mattias Janmark in Stars zone.
10:28 of 2nd period - Joe Thornton is hit by Jake Debrusk.
11:42 of 2nd period - Wrist shot by Sam Steel.
11:42 of 2nd period - Stopped by Anders Nilsson without a rebound.
11:43 of 2nd period - Logan Couture wins face-off versus Dylan Strome in Maple Leafs zone.
11:56 of 2nd period - Wrist shot by Logan Couture.
11:56 of 2nd period - Shot Blocked by Charlie Coyle.
12:10 of 2nd period - Mikhail Sergachev is hit by Adam Henrique and loses puck.
12:15 of 2nd period - Slapshot by Mikko Rantanen.
12:15 of 2nd period - Shot Blocked by Mikhail Sergachev.
12:37 of 2nd period - Minor Penalty to Hampus Lindholm for Hooking.
12:38 of 2nd period - Adam Henrique wins face-off versus Logan Couture in Maple Leafs zone.
13:09 of 2nd period - Snap shot by Ryan Strome.
13:09 of 2nd period - Stopped by Anders Nilsson with a rebound.
13:11 of 2nd period - Wrist shot by Thomas Chabot.
13:11 of 2nd period - Shot Blocked by Mike Hoffman.
14:37 of 2nd period - Penalty to Hampus Lindholm is over, Hampus Lindholm is back on ice.
14:47 of 2nd period - Backhand shot by Andrei Svechnikov.
14:47 of 2nd period - Shot Blocked by Chris Tanev.
14:49 of 2nd period - Snap shot by Nikolaj Ehlers.
14:49 of 2nd period - Shot Hit the Post.
14:51 of 2nd period - Slapshot by Ben Hutton.
14:51 of 2nd period - Stopped by Jimmy Howard with a rebound.
14:53 of 2nd period - Wrist shot by Andrei Svechnikov.
14:53 of 2nd period - Shot Blocked by Richard Panik.
14:57 of 2nd period - Snap shot by Andrei Svechnikov.
14:57 of 2nd period - Deflect By J.T. Compher.
14:57 of 2nd period - Stopped by Jimmy Howard with a rebound.
14:59 of 2nd period - Slapshot by Ben Hutton.
14:59 of 2nd period - Stopped by Jimmy Howard with a rebound.
15:01 of 2nd period - Snap shot by Andrei Svechnikov.
15:01 of 2nd period - Goal by Andrei Svechnikov - Maple Leafs : 1 - Stars : 1.
15:02 of 2nd period - Logan Couture wins face-off versus Joe Thornton in neutral zone.
15:05 of 2nd period - Logan Couture is hit by Dion Phaneuf.
15:13 of 2nd period - Slapshot by Logan Couture.
15:13 of 2nd period - Stopped by Jimmy Howard without a rebound.
15:14 of 2nd period - Adam Henrique wins face-off versus Bobby Ryan in Stars zone.
15:14 of 2nd period - Adam Henrique is hit by Blake Comeau.
15:56 of 2nd period - Minor Penalty to Logan Couture for Holding Stick.
15:57 of 2nd period - Nikolaj Ehlers wins face-off versus Adam Henrique in Maple Leafs zone.
17:17 of 2nd period - Andrei Svechnikov is hit by Chris Tanev and loses puck.
17:56 of 2nd period - Penalty to Logan Couture is over, Logan Couture is back on ice.
19:07 of 2nd period - Snap shot by J.T. Compher.
19:07 of 2nd period - Stopped by Anders Nilsson without a rebound.
19:08 of 2nd period - Sam Steel wins face-off versus Mattias Janmark in Maple Leafs zone.
19:15 of 2nd period - Snap shot by Thomas Chabot.
19:15 of 2nd period - Deflect By Nikolaj Ehlers.
19:15 of 2nd period - Stopped by Anders Nilsson with a rebound.
19:17 of 2nd period - Snap shot by Thomas Chabot.
19:17 of 2nd period - Deflect By Sam Steel.
19:17 of 2nd period - Shot Blocked by Dmitry Kulikov.
19:17 of 2nd period - Puck is out of play.
19:18 of 2nd period - Sam Steel wins face-off versus Mattias Janmark in Maple Leafs zone.
19:29 of 2nd period - Slapshot by Sam Steel.
19:29 of 2nd period - Shot Misses the Net.
19:31 of 2nd period - Wrist shot by Sam Steel.
19:31 of 2nd period - Stopped by Anders Nilsson with a rebound.
19:33 of 2nd period - Snap shot by Danton Heinen.
19:33 of 2nd period - Shot Blocked by Jake Debrusk.
Goals for this period are 1 for Maple Leafs vs 1 for Stars.
Shots for this period are 11 for Maple Leafs vs 17 for Stars.

3rd period


0:01 of 3rd period - Bobby Ryan wins face-off versus Adam Henrique in neutral zone.
0:06 of 3rd period - Dion Phaneuf is hit by Ben Hutton and loses puck.
0:52 of 3rd period - Wrist shot by Richard Panik.
0:52 of 3rd period - Shot Misses the Net.
1:56 of 3rd period - Off-side.
1:57 of 3rd period - Dylan Strome wins face-off versus Mattias Janmark in neutral zone.
2:00 of 3rd period - Ben Hutton is hit by Dylan Strome and loses puck.
2:11 of 3rd period - Wrist shot by Ryan Strome.
2:11 of 3rd period - Shot Blocked by Mattias Janmark.
2:13 of 3rd period - Snap shot by Chris Tanev.
2:13 of 3rd period - Shot Blocked by Hampus Lindholm.
2:23 of 3rd period - Snap shot by Alexander Radulov.
2:23 of 3rd period - Stopped by Anders Nilsson without a rebound.
2:24 of 3rd period - Bobby Ryan wins face-off versus Mikko Rantanen in Maple Leafs zone.
2:35 of 3rd period - Snap shot by Alexander Radulov.
2:35 of 3rd period - Stopped by Anders Nilsson without a rebound.
2:36 of 3rd period - Adam Henrique wins face-off versus Bobby Ryan in Maple Leafs zone.
3:41 of 3rd period - Snap shot by Jake Debrusk.
3:41 of 3rd period - Stopped by Jimmy Howard without a rebound.
3:42 of 3rd period - Bobby Ryan wins face-off versus Joe Thornton in Stars zone.
3:55 of 3rd period - Wrist shot by Andrei Svechnikov.
3:55 of 3rd period - Shot Misses the Net.
4:07 of 3rd period - Charlie Coyle is hit by Mattias Janmark and loses puck.
4:34 of 3rd period - Wrist shot by Jake Debrusk.
4:34 of 3rd period - Stopped by Jimmy Howard with a rebound.
4:36 of 3rd period - Slapshot by Jake Debrusk.
4:36 of 3rd period - Stopped by Jimmy Howard without a rebound.
4:37 of 3rd period - Adam Henrique wins face-off versus Bobby Ryan in Stars zone.
5:11 of 3rd period - Wrist shot by Richard Panik.
5:11 of 3rd period - Stopped by Anders Nilsson without a rebound.
5:12 of 3rd period - Dylan Strome wins face-off versus Bobby Ryan in Maple Leafs zone.
6:21 of 3rd period - Slapshot by Richard Panik.
6:21 of 3rd period - Shot Blocked by Troy Stecher.
6:23 of 3rd period - Wrist shot by Dion Phaneuf.
6:23 of 3rd period - Deflect By Andrei Svechnikov.
6:23 of 3rd period - Stopped by Anders Nilsson without a rebound.
6:24 of 3rd period - Sam Steel wins face-off versus Michael McCarron in Maple Leafs zone.
7:15 of 3rd period - Snap shot by Joe Thornton.
7:15 of 3rd period - Stopped by Anders Nilsson without a rebound.
7:16 of 3rd period - Joe Thornton wins face-off versus Bobby Ryan in Maple Leafs zone.
7:17 of 3rd period - Snap shot by Richard Panik.
7:17 of 3rd period - Stopped by Anders Nilsson with a rebound.
7:31 of 3rd period - Wrist shot by Andrei Svechnikov.
7:31 of 3rd period - Shot Misses the Net.
8:26 of 3rd period - Thomas Chabot is hit by Dmitry Kulikov and loses puck.
10:41 of 3rd period - Mikhail Sergachev is hit by Alexander Radulov and loses puck.
11:16 of 3rd period - Slapshot by Nikolaj Ehlers.
11:16 of 3rd period - Deflect By Jake Debrusk.
11:16 of 3rd period - Shot Misses the Net.
11:16 of 3rd period - Puck is out of play.
11:17 of 3rd period - Logan Couture wins face-off versus Adam Henrique in Stars zone.
11:29 of 3rd period - Minor Penalty to Alexander Radulov for Roughing.
11:30 of 3rd period - Adam Henrique wins face-off versus Logan Couture in Stars zone.
11:30 of 3rd period - Adam Henrique is hit by Mikhail Sergachev.
11:41 of 3rd period - Snap shot by Adam Henrique.
11:41 of 3rd period - Stopped by Anders Nilsson with a rebound.
11:44 of 3rd period - Icing by Mikhail Sergachev.
11:45 of 3rd period - Logan Couture wins face-off versus Adam Henrique in Maple Leafs zone.
11:53 of 3rd period - Slapshot by Mikhail Sergachev.
11:53 of 3rd period - Shot Misses the Net.
11:55 of 3rd period - Slapshot by Troy Stecher.
11:55 of 3rd period - Shot Blocked by J.T. Compher.
11:57 of 3rd period - Slapshot by Mikhail Sergachev.
11:57 of 3rd period - Stopped by Jimmy Howard with a rebound.
11:59 of 3rd period - Wrist shot by Jesper Bratt.
11:59 of 3rd period - Shot Blocked by Adam Pelech.
12:01 of 3rd period - Snap shot by Jesper Bratt.
12:01 of 3rd period - Shot Blocked by Adam Pelech.
12:03 of 3rd period - Slapshot by Troy Stecher.
12:03 of 3rd period - Deflect By Mike Hoffman.
12:03 of 3rd period - Shot Misses the Net.
12:03 of 3rd period - Puck is out of play.
12:04 of 3rd period - Bobby Ryan wins face-off versus Adam Henrique in Stars zone.
12:05 of 3rd period - Snap shot by Ilya Kovalchuk.
12:05 of 3rd period - Shot Misses the Net.
12:07 of 3rd period - Snap shot by Hampus Lindholm.
12:07 of 3rd period - Maple Leafs goal is going for a video replay.
12:07 of 3rd period - The goal is good.
12:07 of 3rd period - Goal by Hampus Lindholm - Maple Leafs : 2 - Stars : 1.
12:08 of 3rd period - Adam Henrique wins face-off versus Bobby Ryan in neutral zone.
12:10 of 3rd period - Minor Penalty to Alexander Radulov for Roughing.
12:11 of 3rd period - Mike Hoffman wins face-off versus Adam Henrique in Stars zone.
12:11 of 3rd period - Wrist shot by Jesper Bratt.
12:11 of 3rd period - Shot Blocked by Adam Pelech.
13:20 of 3rd period - Icing by Mikhail Sergachev.
13:21 of 3rd period - Sam Steel wins face-off versus Bobby Ryan in Maple Leafs zone.
13:43 of 3rd period - Mike Hoffman is hit by Dion Phaneuf and loses puck.
14:06 of 3rd period - Slapshot by Thomas Chabot.
14:06 of 3rd period - Deflect By Adam Henrique.
14:06 of 3rd period - Shot Blocked by Jesper Bratt.
14:06 of 3rd period - Puck is out of play.
14:07 of 3rd period - Logan Couture wins face-off versus Adam Henrique in Maple Leafs zone.
14:10 of 3rd period - Penalty to Alexander Radulov is over, Alexander Radulov is back on ice.
14:24 of 3rd period - Wrist shot by Dylan Strome.
14:24 of 3rd period - Stopped by Anders Nilsson with a rebound.
14:26 of 3rd period - Backhand shot by Ryan Strome.
14:26 of 3rd period - Stopped by Anders Nilsson with a rebound.
14:42 of 3rd period - Snap shot by J.T. Compher.
14:42 of 3rd period - Deflect By Richard Panik.
14:42 of 3rd period - Shot Blocked by Troy Stecher.
14:42 of 3rd period - Puck is out of play.
14:43 of 3rd period - Bobby Ryan wins face-off versus Joe Thornton in Maple Leafs zone.
15:02 of 3rd period - J.T. Compher is hit by Bobby Ryan and loses puck.
15:10 of 3rd period - Icing by Dion Phaneuf.
15:11 of 3rd period - Logan Couture wins face-off versus Alexander Radulov in Stars zone.
15:36 of 3rd period - Mikko Rantanen is hit by Troy Stecher and loses puck.
15:41 of 3rd period - Snap shot by Alex Iafallo.
15:41 of 3rd period - Stopped by Jimmy Howard without a rebound.
15:42 of 3rd period - Joe Thornton wins face-off versus Michael McCarron in Stars zone.
15:42 of 3rd period - Joe Thornton is hit by Andrei Svechnikov.
15:48 of 3rd period - Wrist shot by Richard Panik.
15:48 of 3rd period - Stopped by Anders Nilsson with a rebound.
16:22 of 3rd period - Slapshot by Andrei Svechnikov.
16:22 of 3rd period - Stopped by Jimmy Howard without a rebound.
16:23 of 3rd period - Adam Henrique wins face-off versus Mattias Janmark in Stars zone.
16:50 of 3rd period - Troy Stecher is hit by J.T. Compher and loses puck.
16:55 of 3rd period - Snap shot by J.T. Compher.
16:55 of 3rd period - Stopped by Anders Nilsson with a rebound.
16:57 of 3rd period - Snap shot by Richard Panik.
16:57 of 3rd period - Goal by Richard Panik - Maple Leafs : 2 - Stars : 2.
16:58 of 3rd period - Joe Thornton wins face-off versus Mattias Janmark in neutral zone.
17:05 of 3rd period - Wrist shot by J.T. Compher.
17:05 of 3rd period - Deflect By Richard Panik.
17:05 of 3rd period - Shot Blocked by Ben Hutton.
17:05 of 3rd period - Puck is out of play.
17:06 of 3rd period - Joe Thornton wins face-off versus Mattias Janmark in Maple Leafs zone.
17:41 of 3rd period - Nikolaj Ehlers is hit by Mikko Rantanen and loses puck.
18:03 of 3rd period - Snap shot by Nikolaj Ehlers.
18:03 of 3rd period - Stopped by Jimmy Howard with a rebound.
18:15 of 3rd period - Snap shot by Mattias Janmark.
18:15 of 3rd period - Shot Misses the Net.
18:17 of 3rd period - Slapshot by Ben Hutton.
18:17 of 3rd period - Deflect By John Klingberg.
18:17 of 3rd period - Stopped by Jimmy Howard with a rebound.
18:19 of 3rd period - Wrist shot by Mattias Janmark.
18:19 of 3rd period - Stopped by Jimmy Howard without a rebound.
18:20 of 3rd period - Joe Thornton wins face-off versus Michael McCarron in Stars zone.
18:33 of 3rd period - Slapshot by Mikhail Sergachev.
18:33 of 3rd period - Shot Misses the Net.
18:35 of 3rd period - Wrist shot by Andrei Svechnikov.
18:35 of 3rd period - Goal by Andrei Svechnikov - Maple Leafs : 3 - Stars : 2.
18:36 of 3rd period - Joe Thornton wins face-off versus Michael McCarron in neutral zone.
18:49 of 3rd period - Wrist shot by Richard Panik.
18:49 of 3rd period - Goal by Richard Panik - Maple Leafs : 3 - Stars : 3.
18:50 of 3rd period - Joe Thornton wins face-off versus Mattias Janmark in neutral zone.
18:53 of 3rd period - Slapshot by Dion Phaneuf.
18:53 of 3rd period - Shot Misses the Net.
Goals for this period are 2 for Maple Leafs vs 2 for Stars.
Shots for this period are 11 for Maple Leafs vs 13 for Stars.

Overtime #1


0:01 of 1st overtime period - Joe Thornton wins face-off versus Logan Couture in neutral zone.
0:16 of 1st overtime period - Wrist shot by Logan Couture.
0:16 of 1st overtime period - Shot Blocked by John Klingberg.
0:34 of 1st overtime period - Wrist shot by Alexander Radulov.
0:34 of 1st overtime period - Stopped by Anders Nilsson with a rebound.
1:52 of 1st overtime period - Wrist shot by Sam Steel.
1:52 of 1st overtime period - Stopped by Anders Nilsson with a rebound.
1:54 of 1st overtime period - Wrist shot by John Klingberg.
1:54 of 1st overtime period - Shot Misses the Net.
1:56 of 1st overtime period - Wrist shot by J.T. Compher.
1:56 of 1st overtime period - Shot Misses the Net.
2:02 of 1st overtime period - Sam Steel is hit by Alex Iafallo and loses puck.
2:52 of 1st overtime period - Off-side.
2:53 of 1st overtime period - Adam Henrique wins face-off versus Logan Couture in neutral zone.
3:06 of 1st overtime period - Snap shot by Mike Hoffman.
3:06 of 1st overtime period - Shot Blocked by Adam Henrique.
3:18 of 1st overtime period - Ilya Kovalchuk is hit by Alexander Radulov and loses puck.
4:53 of 1st overtime period - Slapshot by Hampus Lindholm.
4:53 of 1st overtime period - Stopped by Jimmy Howard without a rebound.
4:54 of 1st overtime period - Logan Couture wins face-off versus Dylan Strome in Stars zone.
Goals for this period are 0 for Maple Leafs vs 0 for Stars.
Shots for this period are 1 for Maple Leafs vs 2 for Stars.

ShootOut


5:00 of 1st overtime period - Round #1.
5:00 of 1st overtime period - Maple Leafs, Logan Couture.
5:00 of 1st overtime period - Snap shot by Logan Couture.
5:00 of 1st overtime period - Goal by Logan Couture.
5:00 of 1st overtime period - Stars, Dylan Strome.
5:00 of 1st overtime period - Deke by Dylan Strome.
5:00 of 1st overtime period - Stopped by Anders Nilsson.
5:00 of 1st overtime period - Round #2.
5:00 of 1st overtime period - Maple Leafs, Mike Hoffman.
5:00 of 1st overtime period - Deke by Mike Hoffman.
5:00 of 1st overtime period - Stopped by Jimmy Howard.
5:00 of 1st overtime period - Stars, Alexander Radulov.
5:00 of 1st overtime period - Backhand shot by Alexander Radulov.
5:00 of 1st overtime period - Goal by Alexander Radulov.
5:00 of 1st overtime period - Round #3.
5:00 of 1st overtime period - Maple Leafs, Jesper Bratt.
5:00 of 1st overtime period - Deke by Jesper Bratt.
5:00 of 1st overtime period - Stopped by Jimmy Howard.
5:00 of 1st overtime period - Stars, Adam Henrique.
5:00 of 1st overtime period - Deke by Adam Henrique.
5:00 of 1st overtime period - Stopped by Anders Nilsson.
5:00 of 1st overtime period - Round #4.
5:00 of 1st overtime period - Maple Leafs, Ilya Kovalchuk.
5:00 of 1st overtime period - Wrist shot by Ilya Kovalchuk.
5:00 of 1st overtime period - Stopped by Jimmy Howard.
5:00 of 1st overtime period - Stars, Ryan Strome.
5:00 of 1st overtime period - Wrist shot by Ryan Strome.
5:00 of 1st overtime period - Shot Misses the Net.
5:00 of 1st overtime period - Round #5.
5:00 of 1st overtime period - Maple Leafs, Bobby Ryan.
5:00 of 1st overtime period - Deke by Bobby Ryan.
5:00 of 1st overtime period - Stopped by Jimmy Howard.
5:00 of 1st overtime period - Stars, Richard Panik.
5:00 of 1st overtime period - Backhand shot by Richard Panik.
5:00 of 1st overtime period - Stopped by Anders Nilsson.
5:00 of 1st overtime period - Round #6.
5:00 of 1st overtime period - Maple Leafs, Blake Comeau.
5:00 of 1st overtime period - Snap shot by Blake Comeau.
5:00 of 1st overtime period - Goal by Blake Comeau.
5:00 of 1st overtime period - Stars, Mikko Rantanen.
5:00 of 1st overtime period - Backhand shot by Mikko Rantanen.
5:00 of 1st overtime period - Shot Misses the Net.